 Dungeon Crawl Stone Soup version 0.30.1-9-gdf580d7c3d (webtiles) character file.

Game seed: 17275291773961268811

11 rogsnak the Firebug (level 2, 0/19 HPs)
             Began as a Demonspawn Fire Elementalist on Oct 10, 2023.
             Slain by a kobold
             ... wielding a +0 short sword
              (2 damage)
             ... on level 1 of the Dungeon.
             The game lasted 00:01:02 (332 turns).

rogsnak the Firebug (Demonspawn Fire Elementalist)   Turns: 332, Time: 00:01:03

Health: 0/19       AC:  2    Str:  8    XL:     2   Next: 17%
Magic:  5/5        EV: 12    Int: 16    God:
Gold:   90         SH:  0    Dex: 13    Spells: 4/5 levels left

rFire   . . .        c - +0 hand axe
rCold   . . .        (no shield)
rNeg    . . .        a - +0 robe
rPois   .            (helmet restricted)
rElec   .            (no cloak)
rCorr   .            (no gloves)
SInv    .            (no boots)
Will    .....        (no amulet)
Stlth   ++           (no ring)
HPRegen 0.23/turn    (no ring)
MPRegen 0.09/turn

%: no passive effects
@: no status effects
A: horns 1
a: no special abilities


You were on level 1 of the Dungeon.
You visited 1 branch of the dungeon, and saw 1 of its levels.

You collected 90 gold pieces.

Inventory:

Hand Weapons
 c - a +0 hand axe (weapon)
Armour
 a - a +0 robe (worn)
Jewellery
 d - an amulet of faith
 f - a ring of wizardry
Scrolls
 e - a scroll of identify {unknown}
Potions
 b - a potion of magic


   Skills:
 + Level 1.9 Dodging
 + Level 1.8 Stealth
 + Level 2.0 Spellcasting
 * Level 1.2 Conjurations
 + Level 3.1 Fire Magic


You had 4 spell levels left.
You knew the following spells:

 Your Spells              Type           Power      Damage    Failure   Level
a - Foxfire               Conj/Fire      32%        2x1d5     9%          1

Your spell library contained the following spells:

 Spells                   Type           Power      Damage    Failure   Level
 Scorch                   Fire           22%        2d6       9%          2
 Inner Flame              Hex/Fire       6%         N/A       32%         3
 Volatile Blastmotes      Fire/Tloc      12%        2d11      32%         3
 Flame Wave               Conj/Fire      8%         2d5       63%         4


Dungeon Overview and Level Annotations

Branches:
Dungeon (1/15)

Altars:


Innate Abilities, Weirdness & Mutations

You have a pair of small horns on your head.


Message History

HP restored.
A kobold comes into view. It is wielding a +0 short sword.
A kobold comes into view. It is wielding a +0 dagger.
Found a blackened peridot ring.
The kobold shouts!
A giant cockroach comes into view.
The kobold shouts!
You hit the kobold.
The kobold is moderately wounded.
The kobold hits you but does no damage.
The kobold hits you with a +0 short sword.
The kobold hits you with a +0 dagger.
The kobold hits you with a +0 short sword.
The kobold closely misses you. The giant cockroach closely misses you.
The kobold attacks as you move away! The kobold barely misses you.
The giant cockroach closely misses you. The kobold hits you with a +0 dagger.
The giant cockroach bites you but does no damage.
The kobold attacks as you move away! The kobold barely misses you.
The kobold attacks as you move away! The kobold misses you.
The kobold attacks as you move away!
The kobold hits you with a +0 short sword.
You see here a ring of wizardry.
f - a ring of wizardry The kobold barely misses you. x2
The giant cockroach bites you but does no damage.
The kobold hits you with a +0 short sword.
The kobold hits you with a +0 dagger.
* * * LOW HITPOINT WARNING * * *
The giant cockroach bites you.
* * * LOW HITPOINT WARNING * * *
The giant cockroach bites you but does no damage.
The kobold hits you but does no damage. x2; The giant cockroach misses you.
The kobold hits you with a +0 short sword.
* * * LOW HITPOINT WARNING * * *
The kobold closely misses you. The giant cockroach bites you.
* * * LOW HITPOINT WARNING * * *
The kobold closely misses you. The kobold hits you but does no damage.
The giant cockroach closely misses you.
The kobold hits you with a +0 short sword.
You die...

#######.... .#
#..........
....#
#..⌠....⌠.. #
#.#.#
#.....⌠.... #.
#.#.#
##..⌠....##
#.###.#.#
##...(###
##.......###
##>###
#..........# ###
## #....@B....#
#. #....KK....#
#. #..........#
##.
#..........#####
#8.
#..............#
##.
########.......#
#. #.......# ##.
#.......# #8.
#.....### ####.


You could see a giant cockroach and 2 kobolds.

Vanquished Creatures
  A dart slug (D:1)
  2 bats (D:1)
  A giant cockroach (D:1)
  2 hobgoblins (D:1)
  A goblin (D:1)
  A kobold (D:1)
  2 rats (D:1)
10 creatures vanquished.

Vanquished Creatures (others)
  18 foxfires (D:1)
18 creatures vanquished.

Grand Total: 28 creatures vanquished

Notes
Turn   | Place    | Note
-------+----------+-------------------------------------------
     0 | D:1      | rogsnak the Demonspawn Fire Elementalist began the quest
                  | for the Orb.
     0 | D:1      | Reached XP level 1. HP: 13/13 MP: 3/3
   184 | D:1      | Reached skill level 3 in Fire Magic
   223 | D:1      | Discovered your monstrous ancestry.
   223 | D:1      | Gained mutation: You have a pair of small horns on your
                  | head. [demonic ancestry]
   223 | D:1      | Reached XP level 2. HP: 19/19 MP: 1/5
   332 | D:1      | Slain by a kobold

Illustrated notes

Levels and vault maps discovered:
D:1:      dpeg_arrival_leaves_temple_mockup, layout_basic,
          ebering_ecumenical_altar_mist, corexii_hall_statues_x,
          dreamdust_wishing_well

Skill      XL: |  1 |
---------------+----+-----
Fire Magic     | 3 |  3.1
Dodging        | |  1.9
Stealth        | |  1.8
Spellcasting   | |  2.0
Conjurations   | |  1.2

Action                     || total
---------------------------++-------
  Melee: Hand axe          ||     8
   Cast: Foxfire           ||    11
 Armour: Robe              ||    11
  Dodge: Dodged            ||    17
